AoeStats
← flynorc

Black Forest

508018575Analyzed
4v4 RM · 11d ago on Sep 20, 2026· 39m 44s· 8 players
Game mode
Random Map
Map size
Large (8 player)
Population
200
Speed
Normal
Resources
Standard
Victory
Conquest
Starting age
Dark Age
Ending age
Imperial Age
RankedLock teamsTeams togetherTeam positionsShared explorationLock speedFull tech treeHidden civsTurbo modeCheats
Victory
Defeat
🇮🇪 Teutons · Ireland
1536
+14
🇺🇦 Persians · Ukraine
1507
+15
🇷🇺 Wei · Russia
1381
+20
🇰🇿 Italians · Kazakhstan
1320
+23
🇦🇷 Aztecs · Argentina
1497
-19
🇲🇽 Shu · Mexico
1481
-18
🇦🇹 Persians · Austria
1469
-18
🇳🇱 Saracens · Netherlands
1450
-17
BTJ | Dr Colageno
0:26 Loom
12:20 Feudal Age
15:55 Castle Age
14:44 Double-Bit Axe
15:42 Town Watch
16:58 Bow Saw
21:51 Horse Collar
24:02 Wheelbarrow
24:22 Sanctity
24:03 Gold Mining
25:17 Hand Cart
25:30 Fervor
24:54 Elite Skirmisher
25:25 Fletching
25:48 Padded Archer Armor
26:46 Redemption
26:36 Bodkin Arrow
28:15 Ballistics
31:14 Atlatl
38:24 Imperial Age
38:32 Imperial Age
37:20 Scale Mail Armor
37:30 Forging
36:53 Pikeman
37:33 Squires
Dazkarich
11:46 Feudal Age
12:20 Double-Bit Axe
12:19 Fishing Lines
15:17 Castle Age
16:11 Gillnets
20:44 Bow Saw
23:04 Loom
23:37 Town Watch
24:28 Wheelbarrow
23:53 Horse Collar
24:16 Gold Mining
26:13 Hand Cart
29:11 Imperial Age
26:09 Crossbowman
27:18 Ballistics
26:50 Fletching
27:27 Padded Archer Armor
28:10 Bodkin Arrow
28:23 Thumb Ring
27:43 Pikeman
28:24 Squires
29:35 Leather Archer Armor
29:13 Arbalester
30:17 Bolt Magazine
30:27 Bracer
31:35 Chemistry
31:17 Scale Mail Armor
31:27 Forging
31:50 Ring Archer Armor
31:22 Scale Mail Armor
31:52 Masonry
32:46 Forging
33:41 Caravan
34:54 Siege Engineers
34:12 Halberdier
35:14 Conscription
35:19 Chain Mail Armor
36:40 Architecture
37:20 Plate Mail Armor
36:38 Town Watch
flynorc
8:20 Loom
9:22 Loom
13:09 Feudal Age
16:53 Castle Age
15:40 Double-Bit Axe
22:24 Horse Collar
24:03 Town Watch
24:56 Wheelbarrow
24:10 Fishing Lines
25:12 Gillnets
26:55 Hand Cart
27:39 Gold Mining
27:40 Stone Mining
28:02 Bow Saw
27:52 Heavy Plow
28:00 Scale Barding Armor
28:06 Forging
29:10 Chain Barding Armor
32:03 Imperial Age
30:29 Gold Shaft Mining
30:31 Iron Casting
30:47 Devotion
31:45 Fletching
31:41 Elite War Elephant
32:59 Plate Barding Armor
32:36 Bloodlines
32:27 Husbandry
34:54 Blast Furnace
34:59 Murder Holes
35:24 Ballistics
35:15 Masonry
sdk
0:28 Loom
13:49 Feudal Age
14:54 Horse Collar
15:01 Double-Bit Axe
15:05 Town Watch
19:04 Wheelbarrow
21:09 Castle Age
20:47 Wheelbarrow
22:03 Heavy Plow
22:15 Bow Saw
27:16 Hand Cart
29:13 Town Patrol
29:40 Stone Mining
29:59 Gold Mining
32:20 Gold Shaft Mining
35:17 Imperial Age
33:14 Forging
35:05 Iron Casting
34:36 Scale Barding Armor
35:19 Elite Mameluke
37:55 Chain Barding Armor
38:35 Blast Furnace
38:16 Fletching
Pr3mier
11:18 Feudal Age
14:52 Castle Age
13:16 Double-Bit Axe
17:11 Wheelbarrow
18:04 Bow Saw
18:23 Horse Collar
19:54 Heavy Plow
20:50 Gold Mining
21:44 Stone Mining
22:11 Hand Cart
28:15 Imperial Age
26:56 Scale Barding Armor
27:02 Forging
27:41 Bloodlines
28:19 Chain Barding Armor
28:30 Cavalier
30:11 Plate Barding Armor
30:02 Conscription
30:41 Iron Casting
30:25 Paladin
33:13 Blast Furnace
33:34 Crop Rotation
34:04 Two-Man Saw
33:24 Caravan
36:43 Siege Engineers
36:51 Masonry
Finch
0:30 Loom
13:47 Feudal Age
14:52 Double-Bit Axe
17:22 Castle Age
16:06 Horse Collar
20:11 Bow Saw
20:46 Wheelbarrow
22:04 Heavy Plow
23:13 Gold Mining
30:07 Imperial Age
27:51 Padded Archer Armor
28:04 Fletching
29:03 Bodkin Arrow
29:24 Leather Archer Armor
29:40 Ballistics
30:12 Bloodlines
30:02 Husbandry
30:45 Husbandry
32:01 Chemistry
31:23 Thumb Ring
31:43 Bracer
32:41 Parthian Tactics
33:13 Gold Shaft Mining
33:18 Conscription
34:13 Ring Archer Armor
39:59 Ming Guang Armor
Fox
3:09 Loom
11:25 Feudal Age
11:53 Double-Bit Axe
14:49 Castle Age
16:06 Bow Saw
19:13 Fishing Lines
21:59 Horse Collar
23:32 Gillnets
24:39 Wheelbarrow
26:02 Hand Cart
25:52 Heavy Plow
28:52 Imperial Age
26:21 Stone Mining
26:40 Scale Barding Armor
27:03 Forging
26:45 Gold Mining
27:59 Chain Barding Armor
28:35 Stone Shaft Mining
28:37 Gold Shaft Mining
28:42 Elite War Elephant
29:53 Conscription
29:59 Bloodlines
29:49 Husbandry
29:54 Husbandry
31:40 Two-Man Saw
31:18 Crop Rotation
31:31 Padded Archer Armor
32:09 Plate Barding Armor
32:23 Iron Casting
33:37 Chemistry
36:02 Blast Furnace
Underdogs
12:37 Feudal Age
17:33 Castle Age
15:34 Horse Collar
17:47 Gold Mining
22:16 Imperial Age
21:30 Double-Bit Axe
23:57 Chemistry
24:18 Wheelbarrow
26:16 Devotion
32:11 Elite Skirmisher
32:57 Fletching
33:07 Padded Archer Armor
33:57 Capped Ram
36:08 Squires
35:38 Pikeman
37:43 Hand Cart
Connection lost

Rejoining the realm…

Still unreachable

The connection could not be restored.

Session expired

The server has moved on; the page needs a fresh start.